 Dungeon Crawl Stone Soup version 0.19-a0-465-g1d1674b (webtiles) character file.

126 Kilingo the Firebug (level 5, -5/30 HPs)
             Began as a Gargoyle Fire Elementalist on June 4, 2016.
             Slain by Crazy Yiuf
             ... wielding a +4 quarterstaff of chaos
              (9 damage)
             ... on level 3 of the Dungeon.
             The game lasted 00:39:00 (2878 turns).

Kilingo the Firebug (Gargoyle Fire Elementalist)    Turns: 2878, Time: 00:39:01

Health: -5/30      AC:  9    Str: 12    XL:     5   Next: 10%
Magic:  0/8        EV: 10    Int: 16    God:
Gold:   144        SH:  5    Dex: 10    Spells: 3 memorised, 2 levels left

rFire  . . .     SeeInvis .     a - +0 dagger
rCold  . . .     Gourm    .     d - +0 ring mail
rNeg   + . .     Faith    .     f - +2 buckler
rPois  ∞         Spirit   .     (no helmet)
rElec  +         Dismiss  .     (no cloak)
rCorr  .         Reflect  .     (no gloves)
SustAt .         Harm     .     (no boots)
MR     .....                    (no amulet)
Stlth  +.........               (no ring)
                                (no ring)

@: very slightly contaminated, invisible, not resistant to hostile enchantments,
very unstealthy
A: negative energy resistance 1, electricity resistance, unbreathing,
petrification resistance, rot immunity, AC +4
a: no special abilities


You were on level 3 of the Dungeon.
You were not hungry.

You visited 1 branch of the dungeon, and saw 3 of its levels.

You collected 144 gold pieces.

Inventory:

Hand Weapons
 a - a +0 dagger (weapon)
 b - a +0 flail
 h - a +0 blowgun
Missiles
 o - 3 tomahawks (quivered)
 s - 24 poisoned needles
Armour
 d - a +0 ring mail (worn)
 f - a +2 buckler (worn)
 v - a +0 scale mail
Scrolls
 i - a scroll of amnesia
 j - a scroll of fog {unknown}
 k - a scroll of magic mapping
 m - a scroll of remove curse
 n - a scroll of blinking {unknown}
 p - a scroll of fear {unknown}
Potions
 e - a potion of degeneration {unknown}
 g - 2 potions of brilliance
 r - a potion of invisibility {unknown}
 t - a potion of curing {unknown}
 x - a potion of magic {unknown}
Books
 q - a book of Flames

   Spells                             Type                      Level
   a - Flame Tongue                   Conjuration/Fire             1
   b - Throw Flame                    Conjuration/Fire             2
   c - Conjure Flame                  Conjuration/Fire             3
   d - Inner Flame                    Hexes/Fire                   3
   e - Sticky Flame                   Conjuration/Fire             4
   f - Fireball                       Conjuration/Fire             5
Comestibles
 c - a bread ration
 l - 2 meat rations
 w - 2 chunks of flesh


   Skills:
 - Level 1.8 Fighting
 - Level 1.0 Short Blades
 - Level 1.8 Maces & Flails
 + Level 0.0 Throwing
 - Level 2.0 Armour
 - Level 2.2 Dodging
 - Level 2.2 Stealth
 - Level 0.2 Shields
 - Level 2.0 Spellcasting
 - Level 2.0 Conjurations
 - Level 3.0 Fire Magic


You had 2 spell levels left.
You knew the following spells:

 Your Spells              Type           Power        Failure   Level  Hunger
a - Flame Tongue          Conj/Fire      #....        28%         1    #......
b - Throw Flame           Conj/Fire      #.....       38%         2    ###....
c - Conjure Flame         Conj/Fire      #.......     80%         3    ###....


Dungeon Overview and Level Annotations

Branches:
Dungeon (3/15)

Altars:
Ashenzari
Fedhas

Annotations:
D:3 Crazy Yiuf


Innate Abilities, Weirdness & Mutations

You are resistant to torment.
Your stone body is resilient. (AC +4)
You are immune to poison.
You resist negative energy. (rN+)
You are resistant to electric shocks. (rElec)
You can survive without breathing.
You are immune to petrification.
You are immune to rotting.


Message History

You block Crazy Yiuf's attack.
You barely miss Crazy Yiuf.
Crazy Yiuf is almost dead.
Crazy Yiuf closely misses you.
Casting: Flame Tongue
Confirm with . or Enter, or press ? or * to list all spells.
Aiming: Flame Tongue
Press: ? - help, Shift-Dir - straight line, f/p - Crazy Yiuf
Aim: Crazy Yiuf, wielding a quarterstaff of chaos and wearing a glowing cloak (almost dead)
You miscast Flame Tongue.
You smell something strange.
Casting: Flame Tongue
Confirm with . or Enter, or press ? or * to list all spells.
Aiming: Flame Tongue
Press: ? - help, Shift-Dir - straight line, f/p - Crazy Yiuf
Aim: Crazy Yiuf, wielding a quarterstaff of chaos and wearing a glowing cloak (almost dead)
You miscast Flame Tongue.
You smell something strange.
Crazy Yiuf hits you with a quarterstaff of chaos.
* * * LOW HITPOINT WARNING * * *
Crazy Yiuf hits you with a quarterstaff of chaos!
You die...

#...........>......#
#.........###....###
#.........# #.#.....
####
#.........###...####
...##
#....###.......## ##
....## #....#
#......## ##. ..)..#
♣....♣ #....#.####..
.....# ♣♣...♣
#..#......... .....#
♣♣@♣♣ #..#....####.
.....# ♣♣g♣
#....##.#.... .....#
♣.♣♣ #...###...#..
)....# ### *♣.♣
###..##..##.# ....##
#.# ♣.♣♣
###.##.###.#
...######.# *#.**
#......#...#
#.........# *..,*
##.#......###
####......# #(.,*
#............
*#..>.#...# #).,*
#..#......###


You could see Crazy Yiuf.

Vanquished Creatures
  A crimson imp (D:3)
  2 adders (D:2)
  An ooze (D:1)
  3 worms (D:2)
  A dart slug (D:2)
  3 giant geckos
  6 orcs (D:3)
  2 giant cockroaches
  2 goblins
  6 hobgoblins
  4 jackals (D:1)
  A ball python (D:1)
  2 bats
  4 giant newts
  8 kobolds
  7 rats
53 creatures vanquished.

Notes
Turn   | Place    | Note
--------------------------------------------------------------
     0 | D:1      | Kilingo the Gargoyle Fire Elementalist began the quest for the Orb.
     0 | D:1      | Reached XP level 1. HP: 10/10 MP: 3/3
   452 | D:1      | Reached skill level 1 in Short Blades
   469 | D:1      | Reached XP level 2. HP: 15/15 MP: 3/5
   473 | D:1      | Reached skill level 1 in Armour
   608 | D:1      | Learned a level 2 spell: Throw Flame
   833 | D:1      | Reached skill level 1 in Fighting
   864 | D:2      | Found a shattered altar of Ashenzari.
   885 | D:2      | Reached XP level 3. HP: 17/20 MP: 0/6
  1076 | D:2      | Learned a level 3 spell: Conjure Flame
  1385 | D:2      | Found a blossoming altar of Fedhas.
  2059 | D:2      | Reached XP level 4. HP: 25/25 MP: 5/7
  2619 | D:3      | Reached skill level 1 in Maces & Flails
  2619 | D:3      | Reached XP level 5. HP: 20/30 MP: 3/8
  2861 | D:3      | Noticed Crazy Yiuf
  2878 | D:3      | Slain by Crazy Yiuf

Vault maps used:
D:1:      dpeg_arrival_rhombi
D:2:      ashenzari_altar_1, nicolae_overflow_hidden_temple, st_stairs_3
D:3:      uniq_crazy_yiuf_cottage

Skill      XL: |  1  2  3  4 |
---------------+-------------+-----
Short Blades   | 1 |  1.0
Armour         | 1 2 |  2.0
Fighting       | 1 |  1.8
Dodging        | 2 |  2.2
Conjurations   | 2 |  2.0
Maces & Flails | 1 |  1.8
Stealth        | |  2.2
Shields        | |  0.2
Spellcasting   | |  2.0
Fire Magic     | |  3.0

Action                   |  1- 3 |  4- 6 || total
-------------------------+-------+-------++-------
Melee: Dagger            |    86 |    67 ||   153
       Unarmed           |     1 |       ||     1
       Flail             |       |    17 ||    17
 Fire: Blowgun           |       |     1 ||     1
 Cast: Flame Tongue      |    72 |    37 ||   109
       Throw Flame       |    12 |    11 ||    23
       Conjure Flame     |     1 |       ||     1
  Use: Scroll            |       |     6 ||     6
       Potion            |       |     1 ||     1
 Stab: Sleeping          |     1 |       ||     1
  Eat: Chunk             |     3 |     1 ||     4
       Bread ration      |     1 |     1 ||     2
Armor: Robe              |    26 |       ||    26
       Ring mail         |       |    38 ||    38
Dodge: Dodged            |    55 |    55 ||   110
Block: Buckler           |       |     6 ||     6
